Unix NetHack Version 5.0.0-0 post-release - last build Jun 10 2026 00:39:30 (3ee93aec679c4c4259841fe613dc97188e26a321,branch:main).

Game began 2026-06-17 00:51:26, ended 2026-06-17 01:04:07.

CyberFan, chaotic female orcish Barbarian

                                             ------------
                                            #...`......>|
                                         ####|..........-#              ------
                                         &   ------------#              |....|
                                         @               ##             |<...|
                                     ###@#                #####         |....|
                                   ###                   }}}}}#         |....|
        ------------               #                    }    }#         |....|
        |...........####################################}    }#        #.....|
        |..........|         #####                     #}    }#        #------
        |..........|        ####  +                    #}    }#    #####
        |....(.....-                                   #}}}}}}#  ###
        ------------                                   ###########
                                                              #
                                                             ##
                                                             #

CyberFan the Pillager      St:18 Dx:18 Co:18 In:7 Wi:7 Ch:6  Chaotic
Dlvl:7  $:94 HP:0(54) Pw:7(7) AC:6  Xp:5/252 T:3897 

Latest messages:
 The Woodland-elf wields an elven broadsword!
 You finish your prayer.
 You feel that Set is well-pleased.
 You feel much better.
 You smite the Woodland-elf!
 The Woodland-elf swings his elven broadsword.
 The Woodland-elf hits!
 The Woodland-elf swings her elven broadsword.
 The Woodland-elf hits!
 The Woodland-elf swings his elven broadsword.
 The Woodland-elf hits!
 The Woodland-elf swings her elven broadsword.
 The Woodland-elf hits!
 The Woodland-elf swings his elven broadsword.
 The Woodland-elf just misses!
 The Woodland-elf picks up an elven dagger.
 Where do you want to travel to?
 (For instructions type a '?')
 Yeenoghu appears next to you!
 Where do you want to travel to?
 (For instructions type a '?')
 Yeenoghu vanishes and reappears next to you.
 Where do you want to travel to?
 (For instructions type a '?')
 Yeenoghu vanishes!
 Where do you want to travel to?
 (For instructions type a '?')
 Where do you want to travel to?
 (For instructions type a '?')
 Yeenoghu appears next to you!
 Where do you want to travel to?
 (For instructions type a '?')
 Yeenoghu vanishes and reappears close by.
 Where do you want to travel to?
 (For instructions type a '?')
 Yeenoghu vanishes and reappears next to you.
 Where do you want to travel to?
 (For instructions type a '?')
 Where do you want to travel to?
 (For instructions type a '?')
 Where do you want to travel to?
 (For instructions type a '?')
 Where do you want to travel to?
 (For instructions type a '?')
 Where do you want to travel to?
 (For instructions type a '?')
 Yeenoghu appears next to you!
 The Woodland-elf swings her elven broadsword.
 The Woodland-elf hits!
 You die...

Inventory:
 Coins    ('$')
  $ - 94 gold pieces
 Amulets  ('"')
  Q - a cursed amulet of restful sleep
 Weapons  (')')
  a - an uncursed +0 battle-axe (weapon in hands)
  b - an uncursed +0 orcish short sword (alternate weapon; not wielded)
 Armor    ('[')
  A - a blessed +1 orcish helm (being worn)
  G - a cursed +0 pair of gauntlets of dexterity
  c - a blessed +0 orcish ring mail (being worn)
 Comestibles  ('%')
  V - an uncursed food ration
  g - an uncursed fortune cookie
 Scrolls  ('?')
  s - an uncursed scroll of charging
  K - a blessed scroll of create monster
  t - a blessed scroll of enchant armor
  S - a blessed scroll of enchant weapon
  h - 2 uncursed scrolls of identify
  R - an uncursed scroll of magic mapping
  i - an uncursed scroll of scare monster
  v - 2 uncursed scrolls of teleportation
 Potions  ('!')
  l - a cursed potion of blindness
  F - an uncursed potion of extra healing
 Rings    ('=')
  z - an uncursed ring of stealth (on right hand)
 Wands    ('/')
  q - an uncursed wand of light (0:10)
  U - an uncursed wand of speed monster (0:4)
 Tools    ('(')
  e - an uncursed oil lamp
 Gems/Stones  ('*')
  M - an uncursed worthless piece of black glass
  T - an uncursed worthless piece of blue glass

CyberFan the Barbarian's attributes:

Background:
 You were a Pillager, a level 5 female orcish Barbarian.
 You were chaotic, on a mission for Set
 who was opposed by Mitra (lawful) and Crom (neutral).
 You were left-handed.
 You were in the Dungeons of Doom, on level 7.
 You entered the dungeon 3897 turns ago.
 It was nighttime.
 There was a new moon in effect when your adventure ended.
 You had 252 experience points, 68 more were needed to attain level 6.

Basics:
 You had 0 out of 54 hit points.
 You had all 7 energy points (spell power).
 Your armor class was 6.
 Your wallet contained 94 zorkmids.
 Autopickup was on for '$%?!"=/*' plus thrown, with exceptions.

Final Characteristics:
 Your strength was 18 (peak:18/01, limit:18/50).
 Your dexterity was 18 (limit:18).
 Your constitution was 18 (limit:18).
 Your intelligence was 7 (limit:16).
 Your wisdom was 7 (limit:16).
 Your charisma was 6 (limit:16).

Final Status:
 You weren't hungry.
 You were unencumbered.
 You were wielding an axe.
 You had basic skill with axe.

Final Attributes:
 You were piously aligned.
 You were poison resistant.
 You had infravision.
 You were stealthy.
 You were warded.
 You were lucky.
 You are dead.

Miscellaneous:
 You disabled loading and storing of bones levels.
 Total elapsed playing time was 12 minutes and 41 seconds.

Major events:
 Turn
    1: CyberFan the chaotic female orcish Barbarian entered the dungeon
  877: attained the rank of Pillager (level 3)
 3781: entered Sokoban
 3897: killed by a Woodland-elf

You didn't know any spells.

Skills:
 Fighting Skills
   bare handed combat [Basic]
   two weapon combat  [Unskilled]
   riding             [Unskilled]
 Weapon Skills
   dagger             [Unskilled]
   axe                [Basic]
   pick-axe           [Unskilled]
   short sword        [Basic]
   broadsword         [Unskilled]
   long sword         [Unskilled]
   two-handed sword   [Unskilled]
   saber              [Unskilled]
   club               [Unskilled]
   mace               [Unskilled]
   morning star       [Unskilled]
   flail              [Unskilled]
   hammer             [Unskilled]
   quarterstaff       [Unskilled]
   spear              [Unskilled]
   trident            [Unskilled]
   bow                [Unskilled]
 Spellcasting Skills
   attack spells      [Unskilled]
   escape spells      [Unskilled]

Voluntary challenges:
 Character rerolling was not enabled.
 You never genocided any monsters.
 You never polymorphed an object.
 You never changed form.
 You used no wishes.
 You did not violate any of the special Sokoban rules.
Achievements:
 You attained the rank of Pillager.
 You entered a shop.
 You entered Sokoban.

 The Dungeons of Doom: levels 1 to 7
    Level 1:
       A fountain.
    Level 2:
       An altar to Set, a fountain.
    Level 3:
    Level 4:
       A grave.
    Level 5:
       A potion shop, a fountain.
    Level 7: <- You were here.
       Stairs up to Sokoban, level 6.
       Final resting place for
          you, killed by a Woodland-elf.
 Sokoban:
    Level 6:
       Unsolved.


Vanquished creatures:
  a dingo
  a raven
  a little dog
  3 kittens
  a homunculus
  a rabid rat
  2 wererats
  3 iguanas
 an acid blob
  a gas spore
  a hobbit
  5 manes
  2 hobgoblins
  5 giant rats
  2 cave spiders
  a green mold
  a red mold
  4 gnomes
  5 geckos
  5 jackals
  3 kobolds
  2 goblins
  2 sewer rats
  a grid bug
  a bat
  5 lichens
  5 newts
65 creatures vanquished.

No species were genocided or became extinct.

Game over:
                       ----------
                      /          \
                     /    REST    \
                    /      IN      \
                   /     PEACE      \
                  /                  \
                  |     CyberFan     |
                  |      94 Au       |
                  |   killed by a    |
                  |   Woodland-elf   |
                  |                  |
                  |                  |
                  |       2026       |
                 *|     *  *  *      | *
        _________)/\\_//(\/(/\)/\//\/|_)_______

Goodbye CyberFan the Barbarian...

You died in The Dungeons of Doom on dungeon level 7 with 1403 points,
and 94 pieces of gold, after 3897 moves.
You were level 5 with a maximum of 54 hit points when you died.

